WORCESTER TITANS vs NEW HAVEN WARTHOGS

Created - 4 mai 2026 at 21:04

Goals
1 2 3 T
WORCESTER TITANS 3 0 0 3
NEW HAVEN WARTHOGS 0 0 1 1
Shots
1 2 3 T
WORCESTER TITANS 20 16 8 44
NEW HAVEN WARTHOGS 8 8 14 30

1st period

1. WORCESTER TITANS , Andrew Poturalski 4 (John Leonard 8, Kyle Capobianco 5) at 3:26
2. WORCESTER TITANS , Cal O'Reilly 2 (John Leonard 9, Andrew Poturalski 9) at 9:55
3. WORCESTER TITANS , John Leonard 7 (Charles Hudon 5, Andrew Poturalski 10) at 18:30 (PP)

Penalties :
Lian Bichsel (NHW) for High sticking (Minor) at 17:01, Josh Brown (WOR) for Interference (Minor) at 18:33

2nd period

No Goal

Penalties :
Julian Lutz (NHW) for Hooking (Minor) at 14:23

3rd period

4. NEW HAVEN WARTHOGS , Tristan Broz 1 (Matt Rempe 4) at 12:34

Penalties :
Justin Ertel (NHW) for Tripping (Minor) at 2:08, Calle Rosen (WOR) for Tripping (Minor) at 6:12, Matt Rempe (NHW) for Tripping (Minor) at 17:58

Goalie Stats

Oscar Dansk (WOR), 29 saves from 30 shots - (0,967), W, 4-1-1, 60:00 minutes
Vadim Zherenko (NHW), 41 saves from 44 shots - (0,932), L, 2-3-1, 60:00 minutes

Players Stats for WORCESTER TITANS

Player Name              G  A  P  +/- PIM S  H  SB GA TA FO     MP     PP MP  PK MP  
------------------------------------------------------------------------------------
Alex Belzile             0  0  0   0  0   4  3  1  0  0  15/26  18:17   3:09   0:00 
Andrew Poturalski        1  2  3   1  0   3  3  0  0  0  1/1    21:19   4:17   0:00 
Cal O'Reilly             1  0  1   1  0   3  2  0  0  0  20/28  21:19   4:17   0:00 
Calle Rosen              0  0  0   1  2   2  1  2  0  0  0/0    24:45   3:18   1:07 
Charles Hudon            0  1  1   0  0   5  2  1  0  0  0/0    15:27   3:54   0:00 
Chris Terry              0  0  0   0  0   1  0  0  0  0  1/1    18:17   3:09   0:00 
Jacob MacDonald          0  0  0  -1  0   3  4  1  0  0  0/0    25:37   1:06   3:14 
John Leonard             1  2  3   1  0   4  1  1  0  0  1/1    21:19   4:17   0:00 
Joseph Blandisi          0  0  0   0  0   1  0  0  0  0  13/14   8:01   0:00   3:08 
Josh Brown               0  0  0   1  2   1  2  2  0  0  0/0    12:41   0:30   1:05 
Kyle Capobianco          0  1  1   1  0   1  0  3  0  0  0/0    26:42   3:02   0:35 
Matthew Peca             0  0  0   0  0   4  0  0  0  0  9/18   12:23   0:00   0:50 
Rocco Grimaldi           0  0  0   0  0   2  0  0  0  0  0/0     4:59   0:00   0:06 
Santeri Hatakka          0  0  0   0  0   0  0  0  0  0  0/0     0:42   0:00   0:06 
Seth Griffith            0  0  0   0  0   3  2  0  0  0  0/1    14:42   3:09   0:00 
Tyler Pitlick            0  0  0   0  0   6  1  0  0  0  0/0    18:16   0:00   3:08 
Zach Sanford             0  0  0   0  0   1  1  0  0  0  0/0     5:37   0:00   0:44 
Zachary Metsa            0  0  0   0  0   0  0  0  0  0  0/0    25:37   3:02   1:49 

Players Stats for NEW HAVEN WARTHOGS

Player Name              G  A  P  +/- PIM S  H  SB GA TA FO     MP     PP MP  PK MP  
------------------------------------------------------------------------------------
Alex Bump                0  0  0   0  0   0  1  0  0  0  1/3    16:02   0:00   0:52 
Angus Booth              0  0  0   1  0   0  2  0  0  0  0/0     7:51   0:00   0:05 
Calle Odelius            0  0  0   0  0   0  0  0  0  0  0/0     0:31   0:00   0:00 
Cam Atkinson             0  0  0  -2  0   6  1  1  0  0  1/1    21:01   2:22   2:45 
Charles-Alexis Legault   0  0  0  -1  0   1  2  0  0  0  0/1    11:28   0:00   0:23 
Dans Locmelis            0  0  0   0  0   0  1  0  0  0  2/3     4:21   0:46   0:00 
Isaiah George            0  0  0  -1  0   1  0  0  0  0  0/0    14:46   0:00   4:12 
Jack St. Ivany           0  0  0  -1  0   1  2  2  0  0  0/0    18:56   1:16   3:42 
Julian Lutz              0  0  0   0  2   1  1  1  0  0  1/1    21:07   1:36   0:00 
Justin Ertel             0  0  0  -1  2   0  3  0  0  0  6/19   22:40   1:36   0:00 
Lian Bichsel             0  0  0  -1  2   1  7  0  0  0  0/0    18:04   1:16   2:51 
Matt Rempe               0  1  1   0  2   5  6  0  0  0  8/29   21:55   1:36   1:36 
Matthew Nieto            0  0  0  -1  0   4  1  0  0  0  0/2    22:36   2:22   4:41 
Mikael Pyyhtia           0  0  0   0  0   1  2  0  0  0  6/22   15:57   0:00   0:00 
Oliver Kylington         0  0  0   1  0   2  4  0  0  0  0/0     7:36   0:00   0:00 
Scott Perunovich         0  0  0   0  0   2  1  3  0  0  0/0    22:49   2:42   3:39 
Tristan Broz             1  0  1   1  0   5  0  0  0  0  5/9    25:40   1:36   4:58 
Tyson Barrie             0  0  0   0  0   0  0  2  0  0  0/0    19:10   2:42   0:00 

3 Stars

1 - Andrew Poturalski (WOR)
2 - John Leonard (WOR)
3 - Oscar Dansk (WOR)

Power Play

WORCESTER TITANS - 1 on 4 Attempt(s) - 25,00%
NEW HAVEN WARTHOGS - 0 on 2 Attempt(s) - 0,00%

Penalty Kill

WORCESTER TITANS - 2 on 2 Attempt(s) - 100,00% - Score 0 goal in Penalty Kill
NEW HAVEN WARTHOGS - 3 on 4 Attempt(s) - 75,00% - Score 0 goal in Penalty Kill

Team Stat

WORCESTER TITANS - Hits : 22 - Faceoff Wins : 60 - Blocked Shots : 11 - Penalty Minutes : 4
NEW HAVEN WARTHOGS - Hits : 34 - Faceoff Wins : 30 - Blocked Shots : 9 - Penalty Minutes : 8

Official

Referees : Francois St-Laurent and Kyle Rehman
Linesman : Jeff Walker and Justin Cornell

Game Notes

No Game Note

WORCESTER TITANS

5 vs 5 Forward 
   Center                   Left Wing                Right Wing               Time % Phy DF OF 
 1 Cal O'Reilly             John Leonard             Andrew Poturalski        36     0   1  4  
 2 Alex Belzile             Chris Terry              Tyler Pitlick            33     0   2  3  
 3 Matthew Peca             Charles Hudon            Seth Griffith            24     0   2  3  
 4 Joseph Blandisi          Zach Sanford             Rocco Grimaldi           7      0   4  1  

5 vs 5 Defense 
   Defense                  Defense                                           Time % Phy DF OF 
 1 Calle Rosen              Kyle Capobianco                                   40     0   3  2  
 2 Zachary Metsa            Jacob MacDonald                                   35     0   3  2  
 3 Kyle Capobianco          Josh Brown                                        25     0   4  1  
 4 Calle Rosen              Kyle Capobianco                                   0      0   4  1  

PowerPlay Forward 
   Center                   Left Wing                Right Wing               Time % Phy DF OF 
 1 Cal O'Reilly             John Leonard             Andrew Poturalski        60     0   1  4  
 2 Alex Belzile             Chris Terry              Seth Griffith            40     0   1  4  

PowerPlay Defense
   Defense                  Defense                                           Time % Phy DF OF 
 1 Calle Rosen              Charles Hudon                                     60     0   1  4  
 2 Zachary Metsa            Kyle Capobianco                                   40     0   1  4  

Penalty Kill 4 Players Forward 
   Center                   Wing                     Time % Phy DF OF 
 1 Joseph Blandisi          Tyler Pitlick            60     0   4  1  
 2 Matthew Peca             Zach Sanford             40     0   4  1  

Penalty Kill 4 Players Defense
   Defense                  Defense                  Time % Phy DF OF 
 1 Zachary Metsa            Jacob MacDonald          60     0   4  1  
 2 Calle Rosen              Josh Brown               40     0   4  1  

Penalty Kill - 3 Players Forward 
   Forward                                           Time % Phy DF OF 
 1 Joseph Blandisi                                   55     1   2  2  
 2 Alex Belzile                                      45     1   2  2  

Penalty Kill - 3 Players Defense
   Defense                  Defense                  Time % Phy DF OF 
 1 Zachary Metsa            Josh Brown               55     1   2  2  
 2 Calle Rosen              Kyle Capobianco          45     1   2  2  

4 vs 4 Forward 
   Center                   Wing                     Time % Phy DF OF 
 1 Cal O'Reilly             John Leonard             52     1   2  2  
 2 Alex Belzile             Andrew Poturalski        48     1   2  2  

4 vs 4 Defense
   Defense                  Defense                  Time % Phy DF OF 
 1 Zachary Metsa            Josh Brown               52     1   2  2  
 2 Calle Rosen              Kyle Capobianco          48     1   2  2  

Last Minutes Offensive
   Center                   Left Wing                Right Wing               Defense                  Defense                  
   Cal O'Reilly             John Leonard             Andrew Poturalski        Calle Rosen              Kyle Capobianco          

Last Minutes Defensive
   Center                   Left Wing                Right Wing               Defense                  Defense                  
   Matthew Peca             Joseph Blandisi          John Leonard             Zachary Metsa            Jacob MacDonald          

Goaltenders
Starting : Oscar Dansk              
Backup : Parker Gahagen           

Extra Forwards
Normal : Tyler Pitlick, Andrew Poturalski, Alex Belzile - PP : Joseph Blandisi, Zach Sanford - PK : Matthew Peca
Extra Defensemen
Normal : Zachary Metsa, Josh Brown, Calle Rosen - PP : Zachary Metsa - PK : Josh Brown, Calle Rosen
Penalty Shots
Seth Griffith, Tyler Pitlick, John Leonard, Cal O'Reilly, Chris Terry

Scratches
Case McCarthy (Healthy), Ayrton Martino (Healthy), Ben Meehan (Healthy), Carson Bantle (Healthy), Jakub Demek (Healthy)
Gunnarwolfe Fontaine (Healthy), Justin Dowling (Healthy), Joseph LaBate (Healthy), Matt Luff (Healthy), Logan Shaw (Healthy)
Luke Reid (Healthy), Trevor Kuntar (Healthy), Owen Lindmark (Healthy)

NEW HAVEN WARTHOGS

5 vs 5 Forward 
   Center                   Left Wing                Right Wing               Time % Phy DF OF 
 1 Justin Ertel             Matthew Nieto            Cam Atkinson             36     1   2  2  
 2 Matt Rempe               Tristan Broz             Julian Lutz              31     1   2  2  
 3 Mikael Pyyhtia           Justin Ertel             Alex Bump                23     1   2  2  
 4 Matt Rempe               Matthew Nieto            Cam Atkinson             10     1   2  2  

5 vs 5 Defense 
   Defense                  Defense                                           Time % Phy DF OF 
 1 Tyson Barrie             Scott Perunovich                                  36     1   2  2  
 2 Lian Bichsel             Jack St. Ivany                                    31     1   2  2  
 3 Isaiah George            Charles-Alexis Legault                            23     1   2  2  
 4 Angus Booth              Oliver Kylington                                  10     1   2  2  

PowerPlay Forward 
   Center                   Left Wing                Right Wing               Time % Phy DF OF 
 1 Justin Ertel             Matthew Nieto            Cam Atkinson             55     1   2  2  
 2 Matt Rempe               Tristan Broz             Julian Lutz              45     1   2  2  

PowerPlay Defense
   Defense                  Defense                                           Time % Phy DF OF 
 1 Tyson Barrie             Scott Perunovich                                  55     1   2  2  
 2 Lian Bichsel             Jack St. Ivany                                    45     1   2  2  

Penalty Kill 4 Players Forward 
   Center                   Wing                     Time % Phy DF OF 
 1 Tristan Broz             Matthew Nieto            55     1   2  2  
 2 Cam Atkinson             Matt Rempe               45     1   2  2  

Penalty Kill 4 Players Defense
   Defense                  Defense                  Time % Phy DF OF 
 1 Isaiah George            Scott Perunovich         55     1   2  2  
 2 Lian Bichsel             Jack St. Ivany           45     1   2  2  

Penalty Kill - 3 Players Forward 
   Forward                                           Time % Phy DF OF 
 1 Cam Atkinson                                      55     1   2  2  
 2 Matthew Nieto                                     45     1   2  2  

Penalty Kill - 3 Players Defense
   Defense                  Defense                  Time % Phy DF OF 
 1 Tyson Barrie             Scott Perunovich         55     1   2  2  
 2 Lian Bichsel             Jack St. Ivany           45     1   2  2  

4 vs 4 Forward 
   Center                   Wing                     Time % Phy DF OF 
 1 Justin Ertel             Matthew Nieto            55     1   2  2  
 2 Cam Atkinson             Matt Rempe               45     1   2  2  

4 vs 4 Defense
   Defense                  Defense                  Time % Phy DF OF 
 1 Charles-Alexis Legault   Scott Perunovich         55     1   2  2  
 2 Lian Bichsel             Jack St. Ivany           45     1   2  2  

Last Minutes Offensive
   Center                   Left Wing                Right Wing               Defense                  Defense                  
   Matt Rempe               Matthew Nieto            Cam Atkinson             Tyson Barrie             Scott Perunovich         

Last Minutes Defensive
   Center                   Left Wing                Right Wing               Defense                  Defense                  
   Matt Rempe               Matthew Nieto            Cam Atkinson             Tyson Barrie             Scott Perunovich         

Goaltenders
Starting : Vadim Zherenko           
Backup : Jacob Fowler             

Extra Forwards
Normal : Justin Ertel, Matthew Nieto, Alex Bump - PP : Justin Ertel, Cam Atkinson - PK : Alex Bump
Extra Defensemen
Normal : Calle Odelius, Isaiah George, Charles-Alexis Legault - PP : Calle Odelius - PK : Isaiah George, Charles-Alexis Legault
Penalty Shots
Justin Ertel, Matthew Nieto, Cam Atkinson, Matt Rempe, Tristan Broz

Scratches
Aidan Thompson (Healthy), Cameron Berg (Healthy), Guillaume Richard (Healthy), Jordan Dumais (Healthy), Koehn Ziemmer (Healthy)
Taige Harding (Healthy)

% Time on Ice - WORCESTER TITANS

Lines # - Real PCT - Wanted PCT - Time Play
Normal Forward
1 - 35% - 36% - 17:02
2 - 31% - 33% - 15:08
3 - 24% - 24% - 11:33
4 - 10% - 7% - 4:53
Normal Defense
1 - 35% - 40% - 16:59
2 - 43% - 35% - 20:46
3 - 22% - 25% - 10:51
4 - 0% - 0% - 0:00
PP Forward
1 - 58% - 60% - 4:17
2 - 42% - 40% - 3:09
PP Defense
1 - 59% - 60% - 4:24
2 - 41% - 40% - 3:02
PK Forward
1 - 82% - 60% - 3:14
2 - 18% - 40% - 0:44
PK Defense
1 - 46% - 60% - 1:49
2 - 54% - 40% - 2:09
PK3 Forward
1 - 0% - 55%
2 - 0% - 45%
PK3 Defense
1 - 0% - 55%
2 - 0% - 45%
44 Forward
1 - 0% - 52%
2 - 0% - 48%
44 Defense
1 - 0% - 52%
2 - 0% - 48%
Last Minute Offensive  - 0:00
Last Minute Defensive  - 0:00
Total
Forward - 60:00
Defense - 60:00

% Time on Ice - NEW HAVEN WARTHOGS

Lines # - Real PCT - Wanted PCT - Time Play
Normal Forward
1 - 20% - 36% - 9:30
2 - 40% - 31% - 19:26
3 - 33% - 23% - 15:57
4 - 8% - 10% - 3:43
Normal Defense
1 - 34% - 36% - 16:28
2 - 29% - 31% - 13:58
3 - 22% - 23% - 10:34
4 - 16% - 10% - 7:36
PP Forward
1 - 60% - 55% - 2:22
2 - 40% - 45% - 1:36
PP Defense
1 - 68% - 55% - 2:42
2 - 32% - 45% - 1:16
PK Forward
1 - 75% - 55% - 5:35
2 - 25% - 45% - 1:51
PK Defense
1 - 50% - 55% - 3:44
2 - 50% - 45% - 3:42
PK3 Forward
1 - 0% - 55%
2 - 0% - 45%
PK3 Defense
1 - 0% - 55%
2 - 0% - 45%
44 Forward
1 - 0% - 55%
2 - 0% - 45%
44 Defense
1 - 0% - 55%
2 - 0% - 45%
Last Minute Offensive  - 0:00
Last Minute Defensive  - 0:00
Total
Forward - 60:00
Defense - 60:00

Play-by-Play

1st period


0:01 of 1st period - Cal O'Reilly wins face-off versus Justin Ertel in neutral zone.
0:13 of 1st period - Shot by Matthew Nieto.
0:13 of 1st period - Shot Misses the Net.
0:18 of 1st period - Off-side.
0:19 of 1st period - Alex Belzile wins face-off versus Matt Rempe in neutral zone.
0:26 of 1st period - Shot by Alex Belzile.
0:26 of 1st period - Stopped by Vadim Zherenko with a rebound.
0:28 of 1st period - Shot by Zachary Metsa.
0:28 of 1st period - Shot Misses the Net.
0:34 of 1st period - Shot by Tyler Pitlick.
0:34 of 1st period - Stopped by Vadim Zherenko without a rebound.
0:35 of 1st period - Matthew Peca wins face-off versus Mikael Pyyhtia in NEW HAVEN WARTHOGS zone.
0:52 of 1st period - Shot by Matthew Peca.
0:52 of 1st period - Stopped by Vadim Zherenko with a rebound.
1:00 of 1st period - Shot by Charles Hudon.
1:00 of 1st period - Stopped by Vadim Zherenko without a rebound.
1:01 of 1st period - Joseph Blandisi wins face-off versus Matt Rempe in NEW HAVEN WARTHOGS zone.
1:01 of 1st period - Rocco Grimaldi is hit by Oliver Kylington and loses puck.
1:08 of 1st period - Jacob MacDonald is hit by Matt Rempe and loses puck.
1:27 of 1st period - Shot by Cam Atkinson.
1:27 of 1st period - Stopped by Oscar Dansk without a rebound.
1:28 of 1st period - Mikael Pyyhtia wins face-off versus Alex Belzile in WORCESTER TITANS zone.
2:29 of 1st period - Icing by Lian Bichsel.
2:30 of 1st period - Matt Rempe wins face-off versus Matthew Peca in NEW HAVEN WARTHOGS zone.
2:30 of 1st period - Jack St. Ivany is hit by Seth Griffith.
2:39 of 1st period - Shot by Charles Hudon.
2:39 of 1st period - Stopped by Vadim Zherenko with a rebound.
3:22 of 1st period - Shot by John Leonard.
3:22 of 1st period - Shot Misses the Net.
3:26 of 1st period - Shot by Andrew Poturalski.
3:26 of 1st period - Goal by Andrew Poturalski - WORCESTER TITANS : 1 - NEW HAVEN WARTHOGS : 0.
3:27 of 1st period - Cal O'Reilly wins face-off versus Mikael Pyyhtia in neutral zone.
3:57 of 1st period - Shot by Andrew Poturalski.
3:57 of 1st period - Stopped by Vadim Zherenko without a rebound.
3:58 of 1st period - Alex Belzile wins face-off versus Matt Rempe in NEW HAVEN WARTHOGS zone.
3:58 of 1st period - Alex Belzile is hit by Lian Bichsel.
4:08 of 1st period - Shot by Alex Belzile.
4:08 of 1st period - Shot Misses the Net.
4:20 of 1st period - Shot by Lian Bichsel.
4:20 of 1st period - Shot Blocked by Josh Brown.
4:26 of 1st period - Shot by Lian Bichsel.
4:26 of 1st period - Deflect By Tristan Broz.
4:26 of 1st period - Stopped by Oscar Dansk without a rebound.
4:27 of 1st period - Cal O'Reilly wins face-off versus Mikael Pyyhtia in WORCESTER TITANS zone.
4:57 of 1st period - Shot by Jacob MacDonald.
4:57 of 1st period - Shot Hit the Post.
4:59 of 1st period - Shot by John Leonard.
4:59 of 1st period - Shot Misses the Net.
5:01 of 1st period - Shot by Zachary Metsa.
5:01 of 1st period - Deflect By Andrew Poturalski.
5:01 of 1st period - Shot Misses the Net.
5:03 of 1st period - Shot by John Leonard.
5:03 of 1st period - Stopped by Vadim Zherenko without a rebound.
5:04 of 1st period - Matt Rempe wins face-off versus Alex Belzile in NEW HAVEN WARTHOGS zone.
6:01 of 1st period - Shot by Jack St. Ivany.
6:01 of 1st period - Shot Misses the Net.
6:03 of 1st period - Shot by Cam Atkinson.
6:03 of 1st period - Stopped by Oscar Dansk with a rebound.
6:05 of 1st period - Shot by Lian Bichsel.
6:05 of 1st period - Deflect By Cam Atkinson.
6:05 of 1st period - Shot Hit the Post.
6:07 of 1st period - Shot by Matthew Nieto.
6:07 of 1st period - Stopped by Oscar Dansk without a rebound.
6:08 of 1st period - Cal O'Reilly wins face-off versus Mikael Pyyhtia in WORCESTER TITANS zone.
6:08 of 1st period - Cal O'Reilly is hit by Alex Bump.
6:18 of 1st period - Shot by Cal O'Reilly.
6:18 of 1st period - Shot Misses the Net.
6:20 of 1st period - Shot by Cal O'Reilly.
6:20 of 1st period - Stopped by Vadim Zherenko without a rebound.
6:21 of 1st period - Matt Rempe wins face-off versus Matthew Peca in NEW HAVEN WARTHOGS zone.
6:38 of 1st period - Shot by Seth Griffith.
6:38 of 1st period - Stopped by Vadim Zherenko without a rebound.
6:39 of 1st period - Justin Ertel wins face-off versus Cal O'Reilly in NEW HAVEN WARTHOGS zone.
6:39 of 1st period - Justin Ertel is hit by Andrew Poturalski.
6:54 of 1st period - Scott Perunovich is hit by Andrew Poturalski and loses puck.
7:37 of 1st period - Shot by Matthew Peca.
7:37 of 1st period - Stopped by Vadim Zherenko with a rebound.
7:53 of 1st period - Shot by Charles Hudon.
7:53 of 1st period - Deflect By Matthew Peca.
7:53 of 1st period - Stopped by Vadim Zherenko without a rebound.
7:54 of 1st period - Joseph Blandisi wins face-off versus Alex Bump in NEW HAVEN WARTHOGS zone.
7:54 of 1st period - Joseph Blandisi is hit by Oliver Kylington.
7:59 of 1st period - Joseph Blandisi is hit by Angus Booth and loses puck.
8:05 of 1st period - Joseph Blandisi is hit by Oliver Kylington and loses puck.
8:08 of 1st period - Shot by Joseph Blandisi.
8:08 of 1st period - Shot Misses the Net.
9:30 of 1st period - Shot by Tyson Barrie.
9:30 of 1st period - Shot Misses the Net.
9:46 of 1st period - Shot by Cam Atkinson.
9:46 of 1st period - Shot Blocked by Kyle Capobianco.
9:48 of 1st period - Shot by Cam Atkinson.
9:48 of 1st period - Stopped by Oscar Dansk without a rebound.
9:49 of 1st period - Andrew Poturalski wins face-off versus Matt Rempe in WORCESTER TITANS zone.
9:49 of 1st period - John Leonard is hit by Matt Rempe.
9:55 of 1st period - Shot by Cal O'Reilly.
9:55 of 1st period - Goal by Cal O'Reilly - WORCESTER TITANS : 2 - NEW HAVEN WARTHOGS : 0.
9:56 of 1st period - Cal O'Reilly wins face-off versus Justin Ertel in neutral zone.
10:05 of 1st period - Shot by John Leonard.
10:05 of 1st period - Shot Blocked by Cam Atkinson.
10:57 of 1st period - Shot by Matt Rempe.
10:57 of 1st period - Stopped by Oscar Dansk with a rebound.
11:09 of 1st period - Shot by Matthew Peca.
11:09 of 1st period - Deflect By Charles Hudon.
11:09 of 1st period - Shot Blocked by Scott Perunovich.
11:11 of 1st period - Shot by Calle Rosen.
11:11 of 1st period - Stopped by Vadim Zherenko with a rebound.
11:33 of 1st period - Shot by Mikael Pyyhtia.
11:33 of 1st period - Stopped by Oscar Dansk without a rebound.
11:34 of 1st period - Alex Belzile wins face-off versus Mikael Pyyhtia in WORCESTER TITANS zone.
11:40 of 1st period - Alex Belzile is hit by Charles-Alexis Legault and loses puck.
12:01 of 1st period - Shot by Alex Bump.
12:01 of 1st period - Shot Misses the Net.
12:38 of 1st period - Shot by Calle Rosen.
12:38 of 1st period - Stopped by Vadim Zherenko without a rebound.
12:39 of 1st period - Mikael Pyyhtia wins face-off versus Matthew Peca in NEW HAVEN WARTHOGS zone.
12:39 of 1st period - Scott Perunovich is hit by Charles Hudon and loses puck.
13:01 of 1st period - Shot by Seth Griffith.
13:01 of 1st period - Stopped by Vadim Zherenko without a rebound.
13:02 of 1st period - Cal O'Reilly wins face-off versus Matt Rempe in NEW HAVEN WARTHOGS zone.
13:05 of 1st period - Shot by Andrew Poturalski.
13:05 of 1st period - Shot Misses the Net.
13:07 of 1st period - Shot by Jacob MacDonald.
13:07 of 1st period - Shot Misses the Net.
13:19 of 1st period - Shot by Matt Rempe.
13:19 of 1st period - Shot Blocked by John Leonard.
14:28 of 1st period - Shot by Seth Griffith.
14:28 of 1st period - Shot Misses the Net.
15:13 of 1st period - Shot by Matt Rempe.
15:13 of 1st period - Shot Misses the Net.
15:15 of 1st period - Shot by Matthew Nieto.
15:15 of 1st period - Shot Blocked by Kyle Capobianco.
15:42 of 1st period - Icing by Jack St. Ivany.
15:43 of 1st period - Alex Belzile wins face-off versus Charles-Alexis Legault in NEW HAVEN WARTHOGS zone.
15:47 of 1st period - Chris Terry is hit by Lian Bichsel and loses puck.
15:58 of 1st period - Shot by Alex Belzile.
15:58 of 1st period - Stopped by Vadim Zherenko without a rebound.
15:59 of 1st period - Cal O'Reilly wins face-off versus Mikael Pyyhtia in NEW HAVEN WARTHOGS zone.
16:23 of 1st period - Icing by Scott Perunovich.
16:24 of 1st period - Chris Terry wins face-off versus Mikael Pyyhtia in NEW HAVEN WARTHOGS zone.
16:33 of 1st period - Shot by Alex Belzile.
16:33 of 1st period - Shot Misses the Net.
16:56 of 1st period - Alex Belzile is hit by Matt Rempe and loses puck.
17:00 of 1st period - Josh Brown is hit by Lian Bichsel and loses puck.
17:01 of 1st period - Minor Penalty to Lian Bichsel for High sticking.
17:02 of 1st period - Cal O'Reilly wins face-off versus Tristan Broz in NEW HAVEN WARTHOGS zone.
17:02 of 1st period - Andrew Poturalski is hit by Jack St. Ivany and loses puck.
17:41 of 1st period - Off-side.
17:42 of 1st period - Cam Atkinson wins face-off versus Alex Belzile in neutral zone.
17:57 of 1st period - Shot by Charles Hudon.
17:57 of 1st period - Shot Misses the Net.
17:59 of 1st period - Shot by Jacob MacDonald.
17:59 of 1st period - Shot Hit the Post.
18:01 of 1st period - Shot by Jacob MacDonald.
18:01 of 1st period - Stopped by Vadim Zherenko without a rebound.
18:02 of 1st period - Alex Belzile wins face-off versus Tristan Broz in NEW HAVEN WARTHOGS zone.
18:07 of 1st period - Shot by Charles Hudon.
18:07 of 1st period - Stopped by Vadim Zherenko without a rebound.
18:08 of 1st period - Tristan Broz wins face-off versus Cal O'Reilly in NEW HAVEN WARTHOGS zone.
18:08 of 1st period - Tristan Broz is hit by John Leonard.
18:20 of 1st period - Shot by John Leonard.
18:20 of 1st period - Shot Misses the Net.
18:28 of 1st period - Shot by Charles Hudon.
18:28 of 1st period - Shot Misses the Net.
18:30 of 1st period - Shot by John Leonard.
18:30 of 1st period - The goal is going for a video replay.
18:30 of 1st period - The goal is good.
18:30 of 1st period - Goal by John Leonard - WORCESTER TITANS : 3 - NEW HAVEN WARTHOGS : 0.
18:31 of 1st period - Mikael Pyyhtia wins face-off versus Alex Belzile in neutral zone.
18:33 of 1st period - Minor Penalty to Josh Brown for Interference.
18:34 of 1st period - Joseph Blandisi wins face-off versus Matt Rempe in WORCESTER TITANS zone.
18:49 of 1st period - Shot by Tristan Broz.
18:49 of 1st period - Stopped by Oscar Dansk without a rebound.
18:50 of 1st period - Joseph Blandisi wins face-off versus Justin Ertel in WORCESTER TITANS zone.
18:56 of 1st period - Off-side.
18:57 of 1st period - Joseph Blandisi wins face-off versus Justin Ertel in neutral zone.
19:43 of 1st period - Icing by Matt Rempe.
19:44 of 1st period - Matthew Peca wins face-off versus Matt Rempe in NEW HAVEN WARTHOGS zone.
Goals for this period are 3 for WORCESTER TITANS vs 0 for NEW HAVEN WARTHOGS.
Shots for this period are 20 for WORCESTER TITANS vs 8 for NEW HAVEN WARTHOGS.

2nd period


0:01 of 2nd period - Joseph Blandisi wins face-off versus Justin Ertel in neutral zone.
0:37 of 2nd period - John Leonard is hit by Lian Bichsel.
0:47 of 2nd period - Shot by Cal O'Reilly.
0:47 of 2nd period - Stopped by Vadim Zherenko without a rebound.
0:48 of 2nd period - Matt Rempe wins face-off versus Matthew Peca in NEW HAVEN WARTHOGS zone.
1:07 of 2nd period - Shot by Seth Griffith.
1:07 of 2nd period - Shot Misses the Net.
1:36 of 2nd period - Icing by Kyle Capobianco.
1:37 of 2nd period - Justin Ertel wins face-off versus Matthew Peca in WORCESTER TITANS zone.
1:47 of 2nd period - Shot by Matthew Nieto.
1:47 of 2nd period - Shot Misses the Net.
2:06 of 2nd period - Icing by Tyson Barrie.
2:07 of 2nd period - Justin Ertel wins face-off versus Cal O'Reilly in NEW HAVEN WARTHOGS zone.
2:22 of 2nd period - Shot by John Leonard.
2:22 of 2nd period - Shot Blocked by Tyson Barrie.
2:28 of 2nd period - Shot by John Leonard.
2:28 of 2nd period - Stopped by Vadim Zherenko with a rebound.
2:30 of 2nd period - Shot by John Leonard.
2:30 of 2nd period - Shot Misses the Net.
2:32 of 2nd period - Shot by Jacob MacDonald.
2:32 of 2nd period - Stopped by Vadim Zherenko without a rebound.
2:33 of 2nd period - Alex Belzile wins face-off versus Matt Rempe in NEW HAVEN WARTHOGS zone.
2:36 of 2nd period - Shot by Alex Belzile.
2:36 of 2nd period - Shot Misses the Net.
2:47 of 2nd period - Jack St. Ivany is hit by Jacob MacDonald.
3:20 of 2nd period - Tristan Broz is hit by Josh Brown and loses puck.
3:31 of 2nd period - Shot by Andrew Poturalski.
3:31 of 2nd period - Stopped by Vadim Zherenko without a rebound.
3:32 of 2nd period - Joseph Blandisi wins face-off versus Mikael Pyyhtia in NEW HAVEN WARTHOGS zone.
3:32 of 2nd period - Joseph Blandisi is hit by Charles-Alexis Legault.
3:38 of 2nd period - Shot by Rocco Grimaldi.
3:38 of 2nd period - Stopped by Vadim Zherenko without a rebound.
3:39 of 2nd period - Cal O'Reilly wins face-off versus Justin Ertel in NEW HAVEN WARTHOGS zone.
3:44 of 2nd period - Shot by John Leonard.
3:44 of 2nd period - Shot Misses the Net.
3:58 of 2nd period - Shot by Matthew Nieto.
3:58 of 2nd period - Stopped by Oscar Dansk with a rebound.
5:03 of 2nd period - Icing by Alex Belzile.
5:04 of 2nd period - Mikael Pyyhtia wins face-off versus Alex Belzile in WORCESTER TITANS zone.
5:05 of 2nd period - Shot by Jack St. Ivany.
5:05 of 2nd period - Stopped by Oscar Dansk without a rebound.
5:06 of 2nd period - Matthew Peca wins face-off versus Mikael Pyyhtia in WORCESTER TITANS zone.
5:17 of 2nd period - Josh Brown is hit by Justin Ertel and loses puck.
5:31 of 2nd period - Icing by Matthew Peca.
5:32 of 2nd period - Matthew Peca wins face-off versus Matt Rempe in WORCESTER TITANS zone.
6:00 of 2nd period - Tristan Broz is hit by Jacob MacDonald.
6:32 of 2nd period - Shot by Matthew Nieto.
6:32 of 2nd period - Stopped by Oscar Dansk without a rebound.
6:33 of 2nd period - Alex Belzile wins face-off versus Mikael Pyyhtia in WORCESTER TITANS zone.
6:40 of 2nd period - Shot by Tyler Pitlick.
6:40 of 2nd period - Shot Misses the Net.
6:56 of 2nd period - Shot by Tyler Pitlick.
6:56 of 2nd period - Shot Misses the Net.
6:58 of 2nd period - Shot by Kyle Capobianco.
6:58 of 2nd period - Stopped by Vadim Zherenko without a rebound.
6:59 of 2nd period - Joseph Blandisi wins face-off versus Matthew Nieto in NEW HAVEN WARTHOGS zone.
7:02 of 2nd period - Shot by Zach Sanford.
7:02 of 2nd period - Stopped by Vadim Zherenko without a rebound.
7:03 of 2nd period - Matt Rempe wins face-off versus Cal O'Reilly in NEW HAVEN WARTHOGS zone.
7:08 of 2nd period - Shot by Jack St. Ivany.
7:08 of 2nd period - Deflect By Tristan Broz.
7:08 of 2nd period - Shot Misses the Net.
8:21 of 2nd period - Shot by Tyler Pitlick.
8:21 of 2nd period - Stopped by Vadim Zherenko without a rebound.
8:22 of 2nd period - Matthew Peca wins face-off versus Matthew Nieto in NEW HAVEN WARTHOGS zone.
8:31 of 2nd period - Shot by Charles Hudon.
8:31 of 2nd period - Deflect By Seth Griffith.
8:31 of 2nd period - Stopped by Vadim Zherenko without a rebound.
8:32 of 2nd period - Joseph Blandisi wins face-off versus Justin Ertel in NEW HAVEN WARTHOGS zone.
9:04 of 2nd period - Shot by Joseph Blandisi.
9:04 of 2nd period - Shot Misses the Net.
9:07 of 2nd period - Icing by Oliver Kylington.
9:08 of 2nd period - Cal O'Reilly wins face-off versus Justin Ertel in NEW HAVEN WARTHOGS zone.
9:11 of 2nd period - Shot by Andrew Poturalski.
9:11 of 2nd period - Shot Hit the Post.
10:16 of 2nd period - Off-side.
10:17 of 2nd period - Alex Bump wins face-off versus Matthew Peca in neutral zone.
10:33 of 2nd period - Seth Griffith is hit by Lian Bichsel and loses puck.
10:40 of 2nd period - Shot by Matthew Nieto.
10:40 of 2nd period - Shot Misses the Net.
10:42 of 2nd period - Shot by Lian Bichsel.
10:42 of 2nd period - Stopped by Oscar Dansk without a rebound.
10:43 of 2nd period - Alex Belzile wins face-off versus Matt Rempe in WORCESTER TITANS zone.
10:58 of 2nd period - Shot by Tyler Pitlick.
10:58 of 2nd period - Stopped by Vadim Zherenko without a rebound.
10:59 of 2nd period - Mikael Pyyhtia wins face-off versus Cal O'Reilly in NEW HAVEN WARTHOGS zone.
12:02 of 2nd period - Shot by Matt Rempe.
12:02 of 2nd period - Shot Misses the Net.
12:04 of 2nd period - Shot by Tyson Barrie.
12:04 of 2nd period - Shot Blocked by Calle Rosen.
12:26 of 2nd period - Shot by Chris Terry.
12:26 of 2nd period - Shot Misses the Net.
12:34 of 2nd period - Shot by Tyler Pitlick.
12:34 of 2nd period - Stopped by Vadim Zherenko without a rebound.
12:35 of 2nd period - Mikael Pyyhtia wins face-off versus Matthew Peca in NEW HAVEN WARTHOGS zone.
12:35 of 2nd period - Mikael Pyyhtia is hit by Charles Hudon.
12:56 of 2nd period - Shot by Mikael Pyyhtia.
12:56 of 2nd period - Shot Misses the Net.
13:01 of 2nd period - Mikael Pyyhtia is hit by Jacob MacDonald.
13:23 of 2nd period - Shot by Tristan Broz.
13:23 of 2nd period - Stopped by Oscar Dansk without a rebound.
13:24 of 2nd period - Alex Belzile wins face-off versus Matt Rempe in WORCESTER TITANS zone.
13:33 of 2nd period - Shot by Matthew Nieto.
13:33 of 2nd period - Shot Blocked by Calle Rosen.
13:35 of 2nd period - Shot by Scott Perunovich.
13:35 of 2nd period - Shot Blocked by Josh Brown.
13:43 of 2nd period - Shot by Cam Atkinson.
13:43 of 2nd period - Deflect By Matt Rempe.
13:43 of 2nd period - Stopped by Oscar Dansk without a rebound.
13:44 of 2nd period - Joseph Blandisi wins face-off versus Dans Locmelis in WORCESTER TITANS zone.
13:44 of 2nd period - Joseph Blandisi is hit by Julian Lutz.
14:02 of 2nd period - Dans Locmelis is hit by Zach Sanford.
14:23 of 2nd period - Minor Penalty to Julian Lutz for Hooking.
14:24 of 2nd period - John Leonard wins face-off versus Tristan Broz in NEW HAVEN WARTHOGS zone.
14:47 of 2nd period - Shot by Matt Rempe.
14:47 of 2nd period - Shot Blocked by Charles Hudon.
15:01 of 2nd period - Shot by Charles Hudon.
15:01 of 2nd period - Stopped by Vadim Zherenko without a rebound.
15:02 of 2nd period - Tristan Broz wins face-off versus Alex Belzile in NEW HAVEN WARTHOGS zone.
16:09 of 2nd period - Matt Rempe is hit by Andrew Poturalski and loses puck.
16:21 of 2nd period - Off-side.
16:22 of 2nd period - Tristan Broz wins face-off versus Cal O'Reilly in neutral zone.
16:43 of 2nd period - Shot by Joseph Blandisi.
16:43 of 2nd period - Stopped by Vadim Zherenko with a rebound.
16:55 of 2nd period - Shot by Oliver Kylington.
16:55 of 2nd period - Stopped by Oscar Dansk without a rebound.
16:56 of 2nd period - Alex Belzile wins face-off versus Matt Rempe in WORCESTER TITANS zone.
17:11 of 2nd period - Shot by Chris Terry.
17:11 of 2nd period - Stopped by Vadim Zherenko without a rebound.
17:12 of 2nd period - Cal O'Reilly wins face-off versus Justin Ertel in NEW HAVEN WARTHOGS zone.
17:36 of 2nd period - Shot by Cam Atkinson.
17:36 of 2nd period - Stopped by Oscar Dansk with a rebound.
17:59 of 2nd period - Off-side.
18:00 of 2nd period - Alex Belzile wins face-off versus Matt Rempe in neutral zone.
18:09 of 2nd period - Shot by Tristan Broz.
18:09 of 2nd period - Shot Misses the Net.
18:33 of 2nd period - Shot by Tyler Pitlick.
18:33 of 2nd period - Shot Blocked by Julian Lutz.
18:55 of 2nd period - Shot by Charles Hudon.
18:55 of 2nd period - Shot Misses the Net.
18:57 of 2nd period - Shot by Josh Brown.
18:57 of 2nd period - Shot Blocked by Tyson Barrie.
18:59 of 2nd period - Shot by Calle Rosen.
18:59 of 2nd period - Shot Blocked by Scott Perunovich.
19:01 of 2nd period - Shot by Josh Brown.
19:01 of 2nd period - Deflect By Seth Griffith.
19:01 of 2nd period - Shot Misses the Net.
19:03 of 2nd period - Shot by Josh Brown.
19:03 of 2nd period - Stopped by Vadim Zherenko with a rebound.
19:05 of 2nd period - Shot by Matthew Peca.
19:05 of 2nd period - Stopped by Vadim Zherenko with a rebound.
19:07 of 2nd period - Shot by Charles Hudon.
19:07 of 2nd period - Shot Misses the Net.
19:45 of 2nd period - Icing by Matthew Nieto.
19:46 of 2nd period - Joseph Blandisi wins face-off versus Justin Ertel in NEW HAVEN WARTHOGS zone.
Goals for this period are 0 for WORCESTER TITANS vs 0 for NEW HAVEN WARTHOGS.
Shots for this period are 16 for WORCESTER TITANS vs 8 for NEW HAVEN WARTHOGS.

3rd period


0:01 of 3rd period - Justin Ertel wins face-off versus Alex Belzile in neutral zone.
0:01 of 3rd period - Matthew Nieto is hit by Tyler Pitlick and loses puck.
0:07 of 3rd period - Chris Terry is hit by Lian Bichsel and loses puck.
0:15 of 3rd period - Chris Terry is hit by Lian Bichsel and loses puck.
0:24 of 3rd period - Shot by Tyler Pitlick.
0:24 of 3rd period - Shot Blocked by Jack St. Ivany.
0:26 of 3rd period - Shot by Alex Belzile.
0:26 of 3rd period - Stopped by Vadim Zherenko without a rebound.
0:27 of 3rd period - Matt Rempe wins face-off versus Cal O'Reilly in NEW HAVEN WARTHOGS zone.
0:27 of 3rd period - Matt Rempe is hit by Cal O'Reilly.
0:36 of 3rd period - Shot by John Leonard.
0:36 of 3rd period - Stopped by Vadim Zherenko without a rebound.
0:37 of 3rd period - Julian Lutz wins face-off versus Matthew Peca in NEW HAVEN WARTHOGS zone.
0:52 of 3rd period - Shot by Tristan Broz.
0:52 of 3rd period - Stopped by Oscar Dansk without a rebound.
0:53 of 3rd period - Justin Ertel wins face-off versus Alex Belzile in WORCESTER TITANS zone.
1:12 of 3rd period - Icing by Jacob MacDonald.
1:13 of 3rd period - Matt Rempe wins face-off versus Alex Belzile in WORCESTER TITANS zone.
1:14 of 3rd period - Shot by Julian Lutz.
1:14 of 3rd period - Shot Blocked by Jacob MacDonald.
1:16 of 3rd period - Shot by Scott Perunovich.
1:16 of 3rd period - Shot Misses the Net.
1:18 of 3rd period - Shot by Scott Perunovich.
1:18 of 3rd period - Shot Misses the Net.
1:20 of 3rd period - Shot by Matt Rempe.
1:20 of 3rd period - Stopped by Oscar Dansk without a rebound.
1:21 of 3rd period - Cal O'Reilly wins face-off versus Justin Ertel in WORCESTER TITANS zone.
1:21 of 3rd period - Andrew Poturalski is hit by Cam Atkinson and loses puck.
1:36 of 3rd period - Shot by Matthew Nieto.
1:36 of 3rd period - Stopped by Oscar Dansk with a rebound.
1:40 of 3rd period - Shot by Cam Atkinson.
1:40 of 3rd period - Shot Blocked by Kyle Capobianco.
1:42 of 3rd period - Shot by Isaiah George.
1:42 of 3rd period - Stopped by Oscar Dansk without a rebound.
1:43 of 3rd period - Matt Rempe wins face-off versus Alex Belzile in WORCESTER TITANS zone.
1:50 of 3rd period - Shot by Matt Rempe.
1:50 of 3rd period - Shot Misses the Net.
2:04 of 3rd period - Shot by Matt Rempe.
2:04 of 3rd period - Stopped by Oscar Dansk without a rebound.
2:05 of 3rd period - Cal O'Reilly wins face-off versus Justin Ertel in WORCESTER TITANS zone.
2:05 of 3rd period - Cal O'Reilly is hit by Matthew Nieto.
2:08 of 3rd period - Minor Penalty to Justin Ertel for Tripping.
2:09 of 3rd period - Tristan Broz wins face-off versus Cal O'Reilly in NEW HAVEN WARTHOGS zone.
2:09 of 3rd period - Tristan Broz is hit by Cal O'Reilly.
3:05 of 3rd period - Jack St. Ivany is hit by Alex Belzile and loses puck.
4:23 of 3rd period - Shot by Rocco Grimaldi.
4:23 of 3rd period - Stopped by Vadim Zherenko without a rebound.
4:24 of 3rd period - Joseph Blandisi wins face-off versus Mikael Pyyhtia in NEW HAVEN WARTHOGS zone.
4:27 of 3rd period - Shot by Joseph Blandisi.
4:27 of 3rd period - Shot Misses the Net.
4:45 of 3rd period - Joseph Blandisi is hit by Mikael Pyyhtia and loses puck.
5:30 of 3rd period - Shot by Cam Atkinson.
5:30 of 3rd period - Stopped by Oscar Dansk without a rebound.
5:31 of 3rd period - Cal O'Reilly wins face-off versus Mikael Pyyhtia in WORCESTER TITANS zone.
6:10 of 3rd period - Kyle Capobianco is hit by Justin Ertel and loses puck.
6:12 of 3rd period - Minor Penalty to Calle Rosen for Tripping.
6:13 of 3rd period - Joseph Blandisi wins face-off versus Matt Rempe in WORCESTER TITANS zone.
6:22 of 3rd period - Zachary Metsa is hit by Matt Rempe and loses puck.
6:42 of 3rd period - Shot by Scott Perunovich.
6:42 of 3rd period - Stopped by Oscar Dansk without a rebound.
6:43 of 3rd period - Dans Locmelis wins face-off versus Joseph Blandisi in WORCESTER TITANS zone.
7:00 of 3rd period - Josh Brown is hit by Dans Locmelis and loses puck.
7:55 of 3rd period - Shot by Scott Perunovich.
7:55 of 3rd period - Stopped by Oscar Dansk without a rebound.
7:56 of 3rd period - Justin Ertel wins face-off versus Matthew Peca in WORCESTER TITANS zone.
8:15 of 3rd period - Shot by Mikael Pyyhtia.
8:15 of 3rd period - Shot Misses the Net.
9:21 of 3rd period - Shot by Matthew Peca.
9:21 of 3rd period - Shot Misses the Net.
9:39 of 3rd period - Shot by Tyler Pitlick.
9:39 of 3rd period - Stopped by Vadim Zherenko without a rebound.
9:40 of 3rd period - Alex Belzile wins face-off versus Matt Rempe in NEW HAVEN WARTHOGS zone.
9:41 of 3rd period - Shot by Tyler Pitlick.
9:41 of 3rd period - Stopped by Vadim Zherenko without a rebound.
9:42 of 3rd period - Alex Belzile wins face-off versus Matt Rempe in NEW HAVEN WARTHOGS zone.
9:46 of 3rd period - Icing by Tyson Barrie.
9:47 of 3rd period - Alex Belzile wins face-off versus Matt Rempe in NEW HAVEN WARTHOGS zone.
10:00 of 3rd period - Shot by Matt Rempe.
10:00 of 3rd period - Stopped by Oscar Dansk without a rebound.
10:01 of 3rd period - Cal O'Reilly wins face-off versus Matt Rempe in WORCESTER TITANS zone.
10:32 of 3rd period - Shot by Andrew Poturalski.
10:32 of 3rd period - Shot Blocked by Jack St. Ivany.
10:52 of 3rd period - Kyle Capobianco is hit by Matt Rempe and loses puck.
11:07 of 3rd period - Shot by Chris Terry.
11:07 of 3rd period - Shot Misses the Net.
11:50 of 3rd period - Shot by Oliver Kylington.
11:50 of 3rd period - Stopped by Oscar Dansk without a rebound.
11:51 of 3rd period - Matthew Peca wins face-off versus Mikael Pyyhtia in WORCESTER TITANS zone.
12:06 of 3rd period - Shot by Charles Hudon.
12:06 of 3rd period - Stopped by Vadim Zherenko without a rebound.
12:07 of 3rd period - Cal O'Reilly wins face-off versus Matt Rempe in NEW HAVEN WARTHOGS zone.
12:07 of 3rd period - Cal O'Reilly is hit by Oliver Kylington.
12:34 of 3rd period - Shot by Tristan Broz.
12:34 of 3rd period - Goal by Tristan Broz - WORCESTER TITANS : 3 - NEW HAVEN WARTHOGS : 1.
12:35 of 3rd period - Matthew Peca wins face-off versus Mikael Pyyhtia in neutral zone.
12:40 of 3rd period - Icing by Mikael Pyyhtia.
12:41 of 3rd period - Matthew Peca wins face-off versus Mikael Pyyhtia in NEW HAVEN WARTHOGS zone.
12:50 of 3rd period - Josh Brown is hit by Justin Ertel and loses puck.
13:16 of 3rd period - Shot by Matthew Peca.
13:16 of 3rd period - Shot Misses the Net.
13:31 of 3rd period - Icing by Jacob MacDonald.
13:32 of 3rd period - Cal O'Reilly wins face-off versus Matt Rempe in WORCESTER TITANS zone.
13:32 of 3rd period - Cal O'Reilly is hit by Matt Rempe.
14:22 of 3rd period - Isaiah George is hit by Alex Belzile and loses puck.
14:26 of 3rd period - Charles-Alexis Legault is hit by Calle Rosen and loses puck.
14:37 of 3rd period - Shot by Tristan Broz.
14:37 of 3rd period - Shot Blocked by Alex Belzile.
14:39 of 3rd period - Shot by Charles-Alexis Legault.
14:39 of 3rd period - Stopped by Oscar Dansk without a rebound.
14:40 of 3rd period - Matthew Peca wins face-off versus Mikael Pyyhtia in WORCESTER TITANS zone.
14:40 of 3rd period - Matthew Peca is hit by Mikael Pyyhtia.
15:05 of 3rd period - Justin Ertel is hit by Seth Griffith and loses puck.
15:29 of 3rd period - Cam Atkinson is hit by Josh Brown and loses puck.
15:34 of 3rd period - Shot by Matthew Nieto.
15:34 of 3rd period - Shot Misses the Net.
15:38 of 3rd period - Shot by Cam Atkinson.
15:38 of 3rd period - Stopped by Oscar Dansk without a rebound.
15:39 of 3rd period - Dans Locmelis wins face-off versus Alex Belzile in WORCESTER TITANS zone.
15:40 of 3rd period - Shot by Jack St. Ivany.
15:40 of 3rd period - Shot Misses the Net.
16:06 of 3rd period - Shot by Jacob MacDonald.
16:06 of 3rd period - Deflect By Alex Belzile.
16:06 of 3rd period - Shot Misses the Net.
16:14 of 3rd period - Shot by Julian Lutz.
16:14 of 3rd period - Stopped by Oscar Dansk without a rebound.
16:15 of 3rd period - Cal O'Reilly wins face-off versus Justin Ertel in WORCESTER TITANS zone.
16:47 of 3rd period - John Leonard is hit by Scott Perunovich and loses puck.
17:06 of 3rd period - Icing by Kyle Capobianco.
17:07 of 3rd period - Cal O'Reilly wins face-off versus Matt Rempe in WORCESTER TITANS zone.
17:24 of 3rd period - Jack St. Ivany is hit by Alex Belzile and loses puck.
17:36 of 3rd period - Tyler Pitlick is hit by Jack St. Ivany and loses puck.
17:52 of 3rd period - Lian Bichsel is hit by Jacob MacDonald and loses puck.
17:58 of 3rd period - Minor Penalty to Matt Rempe for Tripping.
17:59 of 3rd period - Alex Belzile wins face-off versus Tristan Broz in NEW HAVEN WARTHOGS zone.
18:11 of 3rd period - Icing by Seth Griffith.
18:12 of 3rd period - Tristan Broz wins face-off versus Seth Griffith in WORCESTER TITANS zone.
19:04 of 3rd period - Shot by John Leonard.
19:04 of 3rd period - Deflect By Andrew Poturalski.
19:04 of 3rd period - Shot Misses the Net.
19:06 of 3rd period - Shot by Jacob MacDonald.
19:06 of 3rd period - Shot Blocked by Scott Perunovich.
19:08 of 3rd period - Shot by John Leonard.
19:08 of 3rd period - Shot Misses the Net.
19:10 of 3rd period - Shot by John Leonard.
19:10 of 3rd period - Shot Misses the Net.
19:12 of 3rd period - Shot by Jacob MacDonald.
19:12 of 3rd period - Shot Misses the Net.
19:14 of 3rd period - Shot by Jacob MacDonald.
19:14 of 3rd period - Stopped by Vadim Zherenko with a rebound.
19:34 of 3rd period - Shot by Seth Griffith.
19:34 of 3rd period - Shot Misses the Net.
19:48 of 3rd period - Shot by Alex Belzile.
19:48 of 3rd period - Stopped by Vadim Zherenko without a rebound.
19:49 of 3rd period - Cal O'Reilly wins face-off versus Alex Bump in NEW HAVEN WARTHOGS zone.
19:59 of 3rd period - John Leonard is hit by Angus Booth and loses puck.
Goals for this period are 0 for WORCESTER TITANS vs 1 for NEW HAVEN WARTHOGS.
Shots for this period are 8 for WORCESTER TITANS vs 14 for NEW HAVEN WARTHOGS.